AoeStats
← vxd81097

Scandinavia

510835654Analyzed
1v1 RM · 17h ago on Oct 2, 2026· 52m 11s· 2 players
Game mode
Random Map
Map size
Tiny (2 player)
Population
200
Speed
Normal
Resources
Standard
Victory
Conquest
Starting age
Dark Age
Ending age
Imperial Age
RankedLock teamsTeams togetherTeam positionsShared explorationLock speedFull tech treeHidden civsTurbo modeCheats
Victory
Defeat
🇵🇪 Vikings · Peru
448
+11
🇺🇸 Japanese · United States
344
-11
CapDeadpool600
15:48 Feudal Age
16:17 Man-at-Arms
18:19 Gold Mining
18:23 Stone Mining
22:10 Wheelbarrow
21:25 Double-Bit Axe
21:28 Horse Collar
33:39 Castle Age
31:48 Scale Mail Armor
31:39 Fletching
32:00 Forging
31:56 Scale Barding Armor
31:52 Padded Archer Armor
36:42 Hand Cart
43:00 Iron Casting
42:21 Bodkin Arrow
42:41 Chain Mail Armor
42:42 Leather Archer Armor
44:23 Elite Skirmisher
48:11 Ballistics
51:14 Imperial Age
49:39 Thumb Ring
52:01 Elite Samurai
vxd81097
9:36 Loom
16:57 Feudal Age
19:20 Double-Bit Axe
26:43 Forging
28:01 Padded Archer Armor
28:01 Scale Mail Armor
32:52 Castle Age
30:35 Man-at-Arms
33:45 Bow Saw
35:29 Squires
34:50 Long Swordsman
35:29 Horse Collar
35:44 Pikeman
38:25 Iron Casting
38:06 Chain Mail Armor
45:26 Imperial Age
45:21 Gold Mining
45:26 Stone Mining
47:47 Elite Berserk
48:32 Bogsveigar
49:09 Elite Varangian Guard
49:17 Two-Handed Swordsman
52:49 Conscription
Connection lost

Rejoining the realm…

Still unreachable

The connection could not be restored.

Session expired

The server has moved on; the page needs a fresh start.